 Dungeon Sprint DCSS version 0.32-a0-685-g93135e86f0 (webtiles) character file.

Game seed: 15792737501476916096

11099 Prakerore the Warrior (level 11, 104/104 HPs)
             Began as a Coglin Hunter on Mar 13, 2024.
             Was an Initiate of Gozag.
             Quit the game in the Dungeon (Sprint III: "The Ten Rune Challenge").
             The game lasted 00:20:40 (5824 turns).

Prakerore the Warrior (Coglin Hunter)               Turns: 5824, Time: 00:20:40

Health: 104/104    AC: 14    Str: 15    XL:     11   Next: 72%
Magic:  11/11      EV: 17    Int:  9    God:    Gozag
Gold:   1092       SH:  0    Dex: 21    Spells: 10/10 levels left

rFire   + . .        a - +2 sling {Paloma}
rCold   . . .        d - +0 sling {Agustín}
rNeg    . . .        g - +4 scale mail {rF+}
rPois   .            (no helmet)
rElec   .            (no cloak)
rCorr   .            f - +1 pair of gloves {Str+3}
SInv    .            (no boots)
Will    .....        (amulet unavailable)
Stlth   ++           (ring unavailable)
HPRegen 0.37/turn    (ring unavailable)
MPRegen 0.12/turn    (no gizmo)

%: no teleportation
@: no status effects
A: off-hand wielding, slow wielding, warmup strikes, no jewellery
a: Invent Gizmo, Renounce Religion, Potion Petition, Call Merchant, Bribe Branch


You were in the Dungeon.
You worshipped Gozag.
Gozag was most pleased with you.
You visited 1 branch You collected 6868 gold pieces.
You spent 348 gold pieces at shops.
You paid 5428 gold pieces to Gozag.

Inventory:

Hand Weapons
 a - a +2 sling (weapon) {Paloma}
 d - a +0 sling (offhand) {Agustín}
Missiles
 k - 4 curare-tipped darts
 m - 4 javelins
Armour
 c - a +0 leather armour
 f - a +1 pair of gloves of strength (worn)
 g - a +4 scale mail of fire resistance (worn)
 j - a +0 kite shield of reflection
Potions
 e - 5 potions of mutation
 h - 2 potions of magic
 i - a potion of berserk rage
 l - a potion of might
 o - a potion of curing


   Skills:
 - Level 16.2 Fighting
 - Level 14.0 Ranged Weapons
 - Level 6.0 Throwing
 - Level 7.1 Armour
 + Level 12.7 Dodging
 - Level 6.0 Stealth
 - Level 8.0 Evocations


You had 10 spell levels left.
You didn't know any spells.
Your spell library was empty.

Dungeon Overview and Level Annotations

Branches:
Dungeon (1/1)

Altars:
Cheibriados
Dithmenos
Elyvilon
Fedhas
Gozag
Hepliaklqana
Makhleb
Nemelex Xobeh
Qazlal
Ru
Xom
Yredelemnul
Zin
The Shining One
Jiyva
Lugonu

Shops:
D ([((

Annotations:
D exclusion: orange crystal statue


Innate Abilities, Weirdness & Mutations

You can wield a second weapon in your off-hand.
It takes a long time for you to wield or remove held weapons.
Your first few attacks do less damage.
You cannot equip rings or amulets.


Message History

You shoot a sling bullet. The sling bullet hits the orc priest.
The orc priest is moderately wounded.
You shoot a sling bullet. The sling bullet hits the orc priest!
The orc priest is almost dead.
The orc priest barely misses you.
You shoot a sling bullet.
The sling bullet hits the orc priest but does no damage.
The orc priest is almost dead.
You shoot a sling bullet.
The sling bullet closely misses the orc priest.
The orc priest closely misses you.
You shoot a sling bullet.
The sling bullet closely misses the orc priest.
You shoot a sling bullet. The sling bullet hits the orc priest.
You kill the orc priest!
Unknown command.
No target in view!
You now have 2035 gold pieces (gained 63).
Things that are here:
a +0 short sword; a +0 leather armour You start waiting.
Done waiting.
There is an open door here.
You see here a +0 war axe.
An orange crystal statue comes into view.
A spriggan defender comes into view. It is wielding a +0 club.
Marking area around an orange crystal statue as unsafe for travelling.
Unknown command.
You aren't carrying any items that you can evoke.
Unknown command.
You aren't carrying any scrolls.
Unknown command. [a] 634 gold - Tuadargh's Magic Scroll Emporium [b] 1132 gold - Pifemu's Book Shop [c] 943 gold - Uppodeajamn's Antique Weapon Emporium Fund which merchant?
You no longer have enough gold to fund merchants seeking to open stores in the dungeon.
Uppodeajamn invites you to visit their Antique Weapon Emporium.
Okay, then.
Are you sure you want to abandon this character and quit the game? (Confirm with "yes".)

# ####
#'#####...#
#.....'...'
#)#########
#.# #.#..
#.#.. #.#.i
#I
#∩#.###...
#@#'#.....
#.#.......
#.#.......
#.........
#########.


There were no monsters in sight!

Vanquished Creatures
  Frances (D)
  Donald (D)
  Josephine (D)
  A centaur warrior (D)
  2 orc high priests (D)
  Urug (D)
  A lindwurm (D)
  A deep elf pyromancer (D)
  An orc sorcerer (D)
  2 cane toads (D)
  A rime drake (D)
  An unseen horror (D)
  A komodo dragon (D)
  3 wandering mushrooms (D)
  5 blink frogs (D)
  2 tyrant leeches (D)
  A shadow (D)
  3 redbacks (D)
  A spatial vortex (D)
  3 orc warriors (D)
  A swamp drake (D)
  2 centaurs (D)
  An earth elemental (D)
  A weeping skull (D)
  A scorpion (D)
  A wight (D)
  A water elemental (D)
  A jelly (D)
  6 orc priests (D)
  An orc wizard (D)
  A human (D)
  8 orcs (D)
  4 rats (D)
62 creatures vanquished.

Vanquished Creatures (others)
  An orc high priest (D)
1 creature vanquished.

Grand Total: 63 creatures vanquished

Notes
Turn   | Place    | Note
-------+----------+-------------------------------------------
     0 | D        | Prakerore the Coglin Hunter began the quest for the Orb.
     0 | D        | Reached XP level 1. HP: 16/16 MP: 1/1
    54 | D        | Reached XP level 2. HP: 16/22 MP: 2/2
    81 | D        | Noticed a scorpion
    92 | D        | Killed a scorpion
    93 | D        | Reached XP level 3. HP: 18/28 MP: 3/3
    93 | D        | Reached XP level 4. HP: 22/34 MP: 4/4
   169 | D        | Noticed a water elemental
   810 | D        | Killed a water elemental
   811 | D        | Reached skill level 3 in Fighting
   811 | D        | Reached skill level 5 in Dodging
   811 | D        | Reached XP level 5. HP: 40/41 MP: 5/5
   830 | D        | Reached skill level 4 in Fighting
   835 | D        | Noticed a shadow
   844 | D        | Killed a shadow
   845 | D        | Reached skill level 5 in Fighting
   845 | D        | Reached skill level 7 in Fighting
   845 | D        | Reached XP level 6. HP: 48/55 MP: 6/6
   849 | D        | Found a blossoming altar of Fedhas.
   849 | D        | Found a stormy altar of Qazlal.
   850 | D        | Found a snail-covered altar of Cheibriados.
   850 | D        | Found a burning altar of Makhleb.
   850 | D        | Found a hazy altar of Hepliaklqana.
   850 | D        | Found a shimmering altar of Xom.
   850 | D        | Found an opulent altar of Gozag.
   850 | D        | Found a sparkling altar of Nemelex Xobeh.
   850 | D        | Found a corrupted altar of Lugonu.
   850 | D        | Found a viscous altar of Jiyva.
   850 | D        | Noticed a spatial vortex
   857 | D        | Killed a spatial vortex
   861 | D        | Became a worshipper of Gozag Ym Sagoz the Greedy
   873 | D        | Noticed Josephine
   885 | D        | Killed Josephine
   886 | D        | Reached skill level 10 in Ranged Weapons
   886 | D        | Reached skill level 8 in Fighting
   886 | D        | Reached XP level 7. HP: 62/62 MP: 7/7
   886 | D        | Reached XP level 8. HP: 68/68 MP: 8/8
   899 | D        | Noticed an orc high priest
   912 | D        | Noticed a soul eater
   912 | D        | Noticed an orange demon
   921 | D        | Killed an orc high priest
   922 | D        | Reached skill level 10 in Fighting
   922 | D        | Reached skill level 5 in Stealth
   930 | D        | Noticed an orc sorcerer
   940 | D        | Killed an orc sorcerer
   941 | D        | Reached XP level 9. HP: 58/78 MP: 9/9
  1031 | D        | Reached skill level 11 in Fighting
  1347 | D        | Found Peeschuj's Antique Weapon Shoppe.
  1841 | D        | Noticed a centaur warrior
  1861 | D        | Killed a centaur warrior
  1867 | D        | Reached XP level 10. HP: 38/89 MP: 10/10
  2053 | D        | Reached skill level 12 in Fighting
  2064 | D        | Reached skill level 10 in Dodging
  2110 | D        | Bought a pair of embroidered gloves for 180 gold pieces
  2115 | D        | Bought a glowing scale mail for 168 gold pieces
  2129 | D        | Noticed a cane toad
  2129 | D        | Noticed a cane toad
  2139 | D        | Killed a cane toad
  2145 | D        | Killed a cane toad
  2146 | D        | Reached skill level 5 in Armour
  2459 | D        | Killed an unseen horror
  3196 | D        | Reached skill level 13 in Fighting
  3394 | D        | Found a glowing silver altar of Zin.
  3394 | D        | Found a glowing golden altar of the Shining One.
  3394 | D        | Found a white marble altar of Elyvilon.
  3394 | D        | Noticed a deep elf pyromancer
  3400 | D        | Killed a deep elf pyromancer
  3401 | D        | Reached XP level 11. HP: 98/98 MP: 11/11
  3417 | D        | Found a basalt altar of Yredelemnul.
  3417 | D        | Found a shadowy altar of Dithmenos.
  3417 | D        | Found a sacrificial altar of Ru.
  3465 | D        | Noticed Donald
  3465 | D        | Noticed Frances
  3475 | D        | Killed Donald
  3476 | D        | Reached skill level 14 in Fighting
  3476 | D        | Reached skill level 15 in Fighting
  3476 | D        | Killed Frances
  3477 | D        | Reached skill level 16 in Fighting
  3592 | D        | Noticed a lindwurm
  3602 | D        | Killed a lindwurm
  4645 | D        | Reached skill level 5 in Throwing
  4900 | D        | Noticed Urug
  4944 | D        | Killed Urug
  5093 | D        | Noticed an eight-headed hydra
  5093 | D        | Noticed a four-headed hydra
  5502 | D        | Noticed a skeletal warrior
  5817 | D        | Noticed an orange crystal statue
  5824 | D        | Quit the game

Illustrated notes

Levels and vault maps discovered:
D:        dungeon_sprint_mu [sprint_mu_entry_cave, sprint_mu_temple_rooms,
          sprint_mu_d1_horrors, sprint_mu_d2_genie, sprint_mu_d3_branching,
          sprint_mu_orc_legion, sprint_mu_elf_gauntlet, sprint_mu_hive_nellie,
          sprint_mu_lair_fedhas, sprint_mu_vaults_butterflies,
          sprint_mu_slime_circle, sprint_mu_swamp_cave, sprint_mu_shoals_archi,
          sprint_mu_blade_basic, sprint_mu_crypt_fortress,
          sprint_mu_tomb_spiral, sprint_mu_vestibule_basic,
          sprint_mu_gehenna_hellfire, sprint_mu_dis_giant,
          sprint_mu_tartarus_statrot, sprint_mu_cocytus_islands, sprint_mu_zot1]

Skill      XL: |  1  2  3  4  5  6  7  8  9 10 11 |
---------------+----------------------------------+-----
Ranged Weapons | 6 8 10 12 14 | 14.0
Stealth        | 2 4 5 6 |  6.0
Fighting       | 3 7 8 10 11 13 16 | 16.2
Dodging        | 5 6 9 11 12 | 12.7
Evocations     | 8 |  8.0
Armour         | 7 |  7.1
Throwing       | 6 |  6.0

Action                     |  1- 3 |  4- 6 |  7- 9 | 10-12 || total
---------------------------+-------+-------+-------+-------++-------
   Fire: Sling             |    50 |    90 |   274 |   474 ||   888
  Throw: Dart              |       |       |       |    25 ||    25
 Invoke: Call Merchant     |       |       |       |     3 ||     3
         Potion Petition   |       |       |       |     7 ||     7
  Evoke: Wand              |       |     1 |     2 |       ||     3
    Use: Potion            |     1 |     1 |     2 |     2 ||     6
         Scroll            |       |     4 |     1 |     4 ||     9
 Armour: Leather armour    |     8 |     3 |    44 |       ||    55
         Scale mail        |       |       |       |   110 ||   110
         Skin              |       |       |       |     9 ||     9
  Dodge: Dodged            |    12 |     6 |    55 |    77 ||   150

Table legend: (Time is in decaauts)
 A = Elapsed time spent in this place.
 B = Non-inter-level travel time spent in this place.
 C = Inter-level travel time spent in this place.
 D = Time resting spent in this place.
 E = Time spent auto-exploring this place.
 F = Levels seen in this place.
 G = Mean time per level.
                   A        B        C        D        E       F      G
               +--------+--------+--------+--------+--------+-----+--------+
         Total |   5774 |   5580 |    194 |   3194 |   1190 |   1 | 5774.0 |
       Dungeon |   5774 |   5580 |    194 |   3194 |   1190 |   1 | 5774.0 |
               +--------+--------+--------+--------+--------+-----+--------+

Top non-repeatable levels by time:
       D: 5774 daAuts
